 Dungeon Crawl Stone Soup version 0.27.0-1-g7a089689b8 (webtiles) character file.

Game seed: 5746011320165415238

118 avis the Insei (level 5, -4/36 HPs)
             Began as an Octopode Transmuter on Aug 6, 2021.
             Slain by an orc (9 damage)
             ... on level 3 of the Dungeon.
             The game lasted 00:15:37 (3802 turns).

avis the Insei (Octopode Transmuter)                Turns: 3802, Time: 00:15:38

Health: -4/36      AC:  2    Str: 10    XL:     5   Next: 2%
Magic:  2/8        EV: 19    Int: 15    God:
Gold:   122        SH:  0    Dex: 18    Spells: 4/8 levels left

rFire    . . .     SeeInvis .     - Unarmed
rCold    . . .     Faith    .   (shield currently unavailable)
rNeg     . . .     Spirit   .   (helmet currently unavailable)
rPois    x         Reflect  .   (no amulet)
rElec    .         Harm     .   (no ring)
rCorr    .         Rampage  .   (no ring)
Will     .....                  (no ring)
Stlth    ++........             (no ring)
HPRegen  0.12/turn              (no ring)
MPRegen  0.11/turn              (no ring)
                                (no ring)
                                (no ring)

@: spider-form, very slightly contaminated
A: venomous fangs, almost no armour, (amphibious), 8 rings, tiny, (camouflage
1), (gelatinous body 1), (nimble swimmer 1), (tentacles)
a: End Transformation


You were on level 3 of the Dungeon.
You were a venomous arachnid creature.
You visited 1 branch of the dungeon, and saw 3 of its levels.

You collected 122 gold pieces.

Inventory:

Hand Weapons
 a - a +0 dagger
 g - a +0 vorpal falchion (melded)
Missiles
 b - 80 stones
 j - 16 poisoned darts
 l - 16 arrows
Armour
 c - a +2 hat (melded)
Magical Staves
 i - a staff of conjuration
Scrolls
 d - 2 scrolls of enchant weapon {unknown}
 f - 4 scrolls of identify {unknown}
 k - a scroll of brand weapon {unknown}
Potions
 e - 4 potions of curing
 h - a potion of lignification {unknown}


   Skills:
 + Level 2.9 Fighting
 - Level 2.0 Dodging
 - Level 2.0 Stealth
 - Level 4.0 Unarmed Combat
 - Level 2.0 Spellcasting
 - Level 2.0 Transmutations
 - Level 2.0 Poison Magic


You had 4 spell levels left.
You knew the following spells:

 Your Spells              Type           Power      Damage    Failure   Level
a - Beastly Appendage     Tmut           14%        N/A       24%         1
p - Spider Form           Tmut/Pois      3%         N/A       50%         3

Your spell library contained the following spells:

 Spells                   Type           Power      Damage    Failure   Level
 Wereblood                Tmut           7%         N/A       32%         2
 Ice Form                 Ice/Tmut       4%         N/A       93%         4


Dungeon Overview and Level Annotations

Branches:
Dungeon (3/15)

Altars:
Xom


Innate Abilities, Weirdness & Mutations

You are a venomous arachnid creature.
You have poisonous fangs.
You are tiny and dextrous.
Your spellcasting is less reliable in this form.
Your armour is entirely melded.
You are incapable of wielding weapons or throwing items.
You cannot wear most types of armour.
((You are amphibious.))
You can wear up to eight rings at the same time.
((Your skin changes colour to match your surroundings (Stealth+).))
((Your rubbery body absorbs attacks. (AC +1, EV +1)))
((You are camouflaged near water. (Stealth+)))
((You have tentacles for arms and can constrict up to eight enemies at once.))


Message History

The orc is almost dead.
Your tentacle spike disappears.
Your +2 hat unmelds from your body.
The orc hits you with a +0 mace. The orc closely misses you.
You closely miss the orc. Your grab misses the orc. You squeeze the orc.
You kill the orc!
The orc closely misses you. x2
You closely miss the orc. Your grab misses the orc.
The orc hits you with a +0 whip.
* * * LOW HITPOINT WARNING * * *
The orc hits you but does no damage.
You hit the orc. Your grab misses the orc. Your squeeze misses the orc.
The orc is heavily wounded.
The orc barely misses you. The orc hits you but does no damage.
You hit the orc.
You kill the orc!
The orc barely misses you. The orc closely misses you.
The endoplasm freezes you.
You are frozen.
* * * LOW HITPOINT WARNING * * *
You have reached level 5!
You feel agile.
You hit the endoplasm.
You kill the endoplasm!
The orc hits you from afar with a +0 trident.
* * * LOW HITPOINT WARNING * * *
Casting: Beastly Appendage (safe; 10% risk of failure)
Confirm with . or Enter, or press ? or * to list all spells.
The spell is quite dangerous to cast (28% risk of failure)!
Continue anyway?
You miscast Spider Form.
You are very lightly contaminated with residual magic.
Nothing appears to happen.
The orc hits you but does no damage.
Casting: Spider Form (quite dangerous; 28% risk of failure)
Confirm with . or Enter, or press ? or * to list all spells.
The spell is quite dangerous to cast (28% risk of failure)!
Continue anyway?
You turn into a venomous arachnid creature.
Your +0 vorpal falchion melds into your body.
Your +2 hat melds into your body.
The orc closely misses you. The orc hits you with a +0 trident!
You die...

.........
#.#####.#.#
##..>...#
#.......#.##
#..#####
#########..# .
.# ##.# .##. #.#
.... ##.## ._..
##...## ...#
#####.....# ...#
#.os......# .$)#
#.###[....# ._.#
#.# ##...##
...## #.# #####
...)## ### #.#
##.#.## ##.###.#
#.###.###.#....#
## #.......#####
#.########


You could see an orc.

Vanquished Creatures
  3 adders
  A worm (D:1)
  2 dart slugs (D:3)
  5 orcs (D:3)
  4 ball pythons
  8 endoplasms
  3 giant cockroaches
  5 goblins
  12 hobgoblins
  5 kobolds
  4 quokkas
  4 bats
  3 frilled lizards
  13 rats
72 creatures vanquished.

Notes
Turn   | Place    | Note
-------+----------+-------------------------------------------
     0 | D:1      | avis the Octopode Transmuter began the quest for the Orb.
     0 | D:1      | Reached XP level 1. HP: 13/13 MP: 3/3
    43 | D:1      | Reached skill level 1 in Stealth
   204 | D:1      | Reached XP level 2. HP: 15/18 MP: 3/5
  1107 | D:1      | Reached skill level 1 in Poison Magic
  1110 | D:1      | Reached XP level 3. HP: 21/24 MP: 4/6
  1114 | D:1      | Learned a level 3 spell: Spider Form
  2045 | D:2      | Found a faded altar of an unknown god.
  2063 | D:2      | Found a faded altar of an unknown god.
  2195 | D:2      | Reached XP level 4. HP: 29/29 MP: 3/7
  2298 | D:2      | HP: 1/29 [poisoned by an adder]
  2912 | D:3      | Reached skill level 4 in Unarmed Combat
  3759 | D:3      | Found a shimmering altar of Xom.
  3764 | D:3      | Found a shimmering altar of Xom.
  3764 | D:3      | Found a shimmering altar of Xom.
  3765 | D:3      | Found a shimmering altar of Xom.
  3766 | D:3      | Found a shimmering altar of Xom.
  3782 | D:3      | Reached XP level 5. HP: 6/36 MP: 8/8
  3802 | D:3      | Slain by an orc

Illustrated notes

Levels and vault maps discovered:
D:1:      dpeg_arrival_concentric_ovals, layout_loops_ring,
          chequers_serial_rivers_micro_c
D:2:      minmay_razor_zed, layout_loops_ring,
          hellmonk_ecumenical_altar_the_god_not_taken
D:3:      layout_loops_cross, nicolae_xom_altar_mimics, st_stairs_9, hex_tiny

Skill      XL: |  1  2  3  4 |
---------------+-------------+-----
Stealth        | 2 |  2.0
Fighting       | 2 |  2.9
Poison Magic   | 1 2 |  2.0
Unarmed Combat | 4 |  4.0
Dodging        | |  2.0
Spellcasting   | |  2.0
Transmutations | |  2.0

Action                   |  1- 3 |  4- 6 || total
-------------------------+-------+-------++-------
Melee: Unarmed           |    24 |    24 ||    48
       Constrict         |    15 |     9 ||    24
       Tentacles         |    14 |     6 ||    20
       Kick              |    12 |     3 ||    15
       Punch             |     2 |       ||     2
       Dagger            |    58 |    14 ||    72
       Falchion          |       |    24 ||    24
 Cast: Beastly Appendage |    26 |    15 ||    41
       Spider Form       |     2 |     6 ||     8
  Use: Potion            |       |     1 ||     1
 Stab: Sleeping          |    12 |     6 ||    18
Armor: Skin              |     6 |     6 ||    12
Dodge: Dodged            |    37 |    50 ||    87
       Rpst.: Falchion   |       |     3 ||     3
